Map: Data-C

Players

Oliveira

  • Race: Terran Terran
  • League: Grandmaster
  • Spawn Location: 3:00

Solar - Winner!

  • Race: Zerg Zerg
  • League: Master
  • Spawn Location: 9:00

VOD

Have the link to the VOD?

Description

Time

  • Played on: Oct. 22, 2022, 9:24 a.m.
  • Length: 18:20
Show
View Real Time Build Order
Export as new Build Order

Oliveira Terran 

Build Orders: Reaper Expand, Hellion Banshee 

Get SALT Encoding   

  12  0:00  SCV  
  13  0:12  SCV  
  14  0:17  Supply Depot  
  14  0:25  SCV  
  15  0:38  SCV  
  15  0:40  Barracks  
  16  0:44  Refinery  
  16  0:50  SCV  
  17  1:03  SCV  
  18  1:15  SCV  
  19  1:27  Reaper, Orbital Command  
  20  1:41  Command Center  
  20  1:47  Supply Depot  
  20  1:53  SCV  
  21  1:59  Marine  
  22  2:05  SCV  
  23  2:11  Factory  
  23  2:17  SCV  
  23  2:21  Barracks Reactor  
  25  2:30  SCV  
  25  2:40  Command Center  
  25  2:42  SCV  
  26  2:52  Orbital Command  
  26  2:54  SCV  
  27  2:59  Starport  
  27  3:03  Refinery  
  27  3:07  SCV  
  28  3:14  Hellion x2  
  28  3:16  Barracks Tech Lab  
  28  3:19  SCV x2  
  34  3:31  SCV  
  34  3:32  SCV  
  36  3:35  Hellion  
  36  3:36  Hellion  
  40  3:42  Banshee  
  40  3:43  Marine  
  40  3:45  SCV x2  
  46  3:53  Orbital Command  
  46  3:57  Cloaking Field  
  46  3:59  SCV x2  
  46  4:01  Hellion  
  50  4:03  Hellion  
  50  4:08  Barracks Tech Lab  
  50  4:09  Supply Depot  
  52  4:11  SCV x2  
  54  4:20  SCV  
  54  4:23  SCV x2  
  57  4:25  Hellion  
  57  4:27  Hellion  
  57  4:30  Banshee  
  65  4:32  SCV  
  65  4:35  SCV  
  65  4:36  SCV  
  68  4:40  Supply Depot, Stimpack  
  68  4:44  SCV  
  68  4:45  Supply Depot  
  68  4:52  Barracks  
  68  4:54  Barracks  
  68  4:55  SCV  
  68  4:59  Factory Reactor  
  69  5:01  SCV, Marine  
  69  5:02  Engineering Bay x2  
  69  5:03  Supply Depot  
  71  5:07  Refinery  
  71  5:08  Refinery  
  71  5:15  SCV  
  71  5:16  SCV x2  
  71  5:19  Marine  
  75  5:22  Orbital Command  
  75  5:26  Supply Depot, Starport Reactor  
  75  5:27  SCV  
  76  5:30  SCV  
  76  5:34  Barracks  
  76  5:35  Barracks, Terran Infantry Armor Level 1, Terran Infantry Weapons Level 1  
  77  5:39  SCV  
  77  5:40  Marine x2  
  77  5:42  SCV  
  81  5:48  SCV, Factory Reactor  
  82  5:50  Marine  
  82  5:51  SCV  
  82  5:52  Supply Depot  
  82  5:54  SCV, Marine x2  
  87  5:58  Marine x2  
  87  6:00  SCV  
  87  6:03  SCV  
  91  6:06  SCV  
  91  6:07  Marine  
  91  6:08  Medivac x2  
  97  6:12  SCV, Marine x2  
  97  6:15  SCV  
  97  6:16  Marine  
  97  6:17  Marine  
  104  6:18  SCV  
  104  6:21  Supply Depot, Refinery  
  104  6:24  SCV  
  104  6:25  Barracks Reactor, Combat Shield  
  105  6:26  Barracks Reactor, Factory  
  105  6:27  SCV  
  105  6:28  Widow Mine  
  105  6:31  Marine  
  109  6:37  Supply Depot  
  109  6:42  Marine x3  
  109  6:43  SCV x2, Widow Mine  
  116  6:49  SCV  
  116  6:51  Command Center, Armory  
  116  6:53  Supply Depot  
  117  6:58  SCV x2  
  117  6:59  Medivac x2, Widow Mine  
  125  7:10  Refinery  
  125  7:13  Supply Depot  
  125  7:14  SCV, Marine x4  
  125  7:15  Widow Mine, Marine  
  132  7:16  Supply Depot  
  132  7:19  Factory Tech Lab  
  133  7:31  Marine  
  133  7:32  Marine  
  133  7:33  Marine x2  
  133  7:34  Marine x2  
  133  7:35  Medivac x2, Widow Mine  
  141  7:40  Widow Mine  
  141  7:41  Widow Mine, Drilling Claws  
  145  7:46  Marine  
  145  7:48  Marine x2  
  146  7:51  Marine x2  
  146  7:55  SCV  
  148  8:02  Marine x2  
  148  8:04  Marine  
  148  8:05  Marine  
  143  8:07  Marine x3  
  143  8:08  Siege Tank  
  143  8:09  Terran Infantry Armor Level 2, Widow Mine x2, Terran Infantry Weapons Level 2  
  143  8:11  SCV, Marine  
  148  8:14  Supply Depot  
  148  8:15  Supply Depot  
  148  8:17  Marine  
  142  8:23  Marine  
  142  8:24  Medivac x2  
  142  8:25  SCV x2  
  147  8:28  SCV  
  147  8:30  Marine  
  147  8:31  Marine  
  147  8:32  Marine x2  
  147  8:35  Marine  
  147  8:37  Widow Mine x2  
  147  8:40  SCV  
  153  8:41  SCV  
  153  8:42  Marine  
  153  8:44  Siege Tank  
  153  8:45  Planetary Fortress  
  153  8:47  Supply Depot, SCV  
  159  8:51  Marine x2  
  159  8:52  SCV, Marine  
  159  8:53  SCV  
  164  8:57  Marine x2  
  164  9:00  Medivac x2, Widow Mine x2  
  164  9:02  SCV, Marine  
  176  9:03  Marine x2  
  176  9:04  SCV  
  176  9:05  Supply Depot  
  176  9:06  Terran Vehicle Weapons Level 1  
  170  9:14  Marine  
  170  9:15  Marine x2  
  170  9:16  Siege Tank  
  167  9:21  Marine x2  
  169  9:25  Widow Mine x2, Marine  
  167  9:32  Marine x2  
  167  9:33  Medivac x2  
  167  9:36  Marine  
  141  9:46  Marine  
  141  9:47  Marine  
  141  9:49  Marine x4  
  141  9:50  Siege Tank  
  141  9:51  Widow Mine x2  
  136  9:53  SCV  
  136  9:54  SCV, Barracks  
  136  9:57  Barracks x2  
  136  9:58  Marine  
  136  9:59  Marine x2  
  139  10:00  Command Center  
  139  10:03  SCV  
  139  10:04  Marine  
  139  10:05  Marine  
  144  10:07  Medivac x2, Marine  
  144  10:09  Marine  
  148  10:15  Marine x2  
  148  10:18  Marine x2  
  148  10:19  Widow Mine x2  
  146  10:22  Ghost Academy, Refinery  
  146  10:23  SCV, Refinery  
  146  10:25  Sensor Tower x2, Marine x2  
  146  10:26  Siege Tank  
  152  10:32  Marine  
  152  10:33  Marine  
  152  10:34  Terran Infantry Weapons Level 3  
  154  10:35  SCV  
  154  10:36  Marine x2  
  154  10:37  Marine x2  
  159  10:45  Marine x2  
  159  10:46  Barracks Tech Lab  
  159  10:48  Widow Mine  
  159  10:49  Widow Mine  
  166  10:50  Barracks Tech Lab  
  166  10:51  Marine  
  166  10:54  Marine x3  
  169  10:58  Liberator  
  169  10:59  Liberator  
  169  11:00  Siege Tank  
  169  11:01  Missile Turret x2, Barracks Tech Lab  
  169  11:02  Marine x2  
  169  11:03  Supply Depot  
  180  11:14  Terran Infantry Armor Level 3  
  180  11:15  Marine x3  
  180  11:16  Widow Mine x2  
  187  11:24  Marine  
  186  11:31  Marauder, Marine x3  
  189  11:38  Planetary Fortress  
  189  11:45  SCV x2  
  189  11:46  Marauder, Marine x2  
  195  11:49  Widow Mine, Siege Tank  
  195  11:50  Ghost Academy  
  195  11:51  Terran Vehicle Weapons Level 2  
  200  11:56  Command Center  
  199  12:05  Marine  
  199  12:08  Marine x3  
  169  12:09  Marine x3  
  169  12:13  Widow Mine x2, Marine  
  161  12:17  Ghost x4  
  161  12:21  Siege Tank  
  161  12:22  Factory  
  160  12:25  SCV x3  
  160  12:29  Missile Turret  
  163  12:30  Sensor Tower  
  163  12:31  SCV  
  163  12:32  SCV  
  163  12:34  Personal Cloaking  
  165  12:41  Widow Mine x2  
  169  12:45  Ghost  
  169  12:47  Ghost x2  
  169  12:48  Missile Turret  
  169  12:50  Missile Turret  
  175  12:57  Siege Tank  
  169  12:59  Sensor Tower  
  157  13:08  Ghost  
  157  13:09  Marine x2  
  152  13:14  Ghost  
  144  13:26  Ghost x2  
  142  13:28  Marine x2  
  142  13:30  Marine x2  
  142  13:31  Siege Tank  
  142  13:33  Widow Mine x2  
  151  13:35  Marine x3  
  151  13:39  Orbital Command  
  154  13:44  Command Center, Factory Tech Lab  
  154  13:45  Marine  
  154  13:46  Command Center  
  154  13:47  Missile Turret x2  
  155  13:49  Sensor Tower  
  155  13:54  Medivac  
  155  13:55  Medivac  
  159  14:00  Widow Mine x2, Marine  
  140  14:14  Marine  
  119  14:20  Marauder x2, Marine x3  
  119  14:21  Siege Tank  
  118  14:25  SCV x3  
  118  14:26  Siege Tank  
  118  14:27  Widow Mine x2, Marauder, Marine x3  
  118  14:28  Marauder  
  118  14:29  SCV, Marine  
  135  14:31  SCV  
  135  14:32  Marine  
  135  14:36  Missile Turret  
  135  14:37  SCV, Sensor Tower  
  135  14:38  Marine x2  
  140  14:44  Terran Vehicle Weapons Level 3  
  140  14:48  Marine x3  
  140  14:52  Widow Mine x2  
  147  14:53  Widow Mine  
  145  15:08  Marine x2  
  145  15:09  Marauder  
  145  15:10  Siege Tank  
  145  15:12  Marine x3  
  145  15:13  SCV x2, Marauder x2  
  110  15:29  Marine x4  
  110  15:30  Marauder x2, Siege Tank  
  110  15:31  SCV, Widow Mine x2  
  110  15:32  SCV  
  110  15:34  Marauder  
  110  15:35  SCV  
  130  15:37  SCV  
  131  15:44  Siege Tank  
  131  15:48  Marauder  
  131  15:49  SCV  
  137  15:51  Marauder  
  137  15:52  Marine x2  
  137  15:56  Marine x3  
  144  15:57  Marine x2  
  144  16:03  Widow Mine x2  
  150  16:09  Siege Tank  
  146  16:14  Marine  
  139  16:21  Siege Tank, Ghost x2  
  139  16:22  Marine x2  
  148  16:30  Orbital Command  
  140  16:32  Marine  
  140  16:36  Marine  
  140  16:38  Widow Mine  
  140  16:39  Marine x2  
  132  16:40  Medivac  
  132  16:41  Medivac  
  132  16:42  Siege Tank  
  132  16:47  Marine x2  
  132  16:48  Marauder  
  132  16:49  Widow Mine  
  132  16:50  SCV  
  139  16:54  SCV  
  139  16:55  SCV  
  139  16:59  Siege Tank  
  139  17:00  Concussive Shells  
  139  17:01  Marine  
  145  17:05  Missile Turret, Sensor Tower  
  145  17:06  Sensor Tower  
  136  17:10  Marine  
  136  17:11  Marine  
  136  17:12  Medivac x2  
  136  17:13  Widow Mine  
  125  17:16  SCV  
  125  17:19  Siege Tank  
  131  17:23  Widow Mine, Marine  
  132  17:35  Marine x3  
  132  17:36  SCV  
  133  17:41  Marine  
  124  17:49  Widow Mine x2  
  124  17:50  Marine x2  
Show
View Real Time Build Order
Export as new Build Order

Solar Zerg - Winner!

Build Orders: Hatch First, Lurkers 

Get SALT Encoding   

  12  0:00  Drone  
  13  0:12  Overlord  
  13  0:17  Drone  
  14  0:31  Drone x2  
  16  0:47  Hatchery  
  15  0:51  Drone  
  15  0:54  Drone  
  17  0:58  Drone  
  18  1:09  Extractor  
  17  1:13  Spawning Pool  
  17  1:16  Drone  
  17  1:19  Drone  
  18  1:28  Drone  
  19  1:38  Drone  
  20  1:50  Drone  
  21  2:00  Queen x2  
  25  2:10  Drone x2  
  25  2:11  Overlord  
  25  2:12  Zergling x2  
  28  2:20  Zergling x2, Extractor  
  29  2:24  Hatchery  
  28  2:32  Drone  
  28  2:33  Drone  
  30  2:41  Queen  
  30  2:44  Overlord  
  32  2:46  Drone  
  32  2:49  Metabolic Boost  
  33  2:53  Drone  
  33  2:55  Drone  
  33  2:57  Drone  
  36  3:04  Drone  
  37  3:06  Drone  
  37  3:09  Drone x2  
  37  3:11  Drone  
  41  3:13  Queen  
  41  3:17  Overlord  
  43  3:20  Drone  
  44  3:30  Overlord  
  44  3:35  Queen  
  44  3:36  Drone  
  44  3:37  Drone x2  
  44  3:40  Queen  
  51  3:47  Drone x5  
  56  3:48  Drone  
  56  3:52  Overlord  
  56  3:54  Drone  
  56  3:55  Drone  
  59  3:58  Zergling x4  
  59  4:02  Overlord  
  61  4:08  Drone x2  
  63  4:11  Queen  
  63  4:14  Drone x4  
  69  4:18  Queen  
  69  4:22  Overlord  
  69  4:24  Drone x3  
  74  4:28  Overlord  
  74  4:33  Spore Crawler, Extractor  
  74  4:34  Drone x2  
  74  4:35  Overlord  
  74  4:39  Evolution Chamber x2  
  74  4:40  Drone x2  
  74  4:42  Spore Crawler  
  74  4:45  Zergling x2  
  74  4:48  Zergling x2  
  74  4:49  Drone x2  
  74  4:50  Spore Crawler  
  76  4:54  Spore Crawler, Queen  
  76  4:55  Drone  
  76  4:56  Drone  
  76  4:57  Drone x2  
  76  4:59  Drone  
  82  5:01  Drone x2  
  82  5:02  Drone  
  82  5:04  Drone x2  
  82  5:06  Extractor  
  86  5:09  Overlord  
  86  5:10  Zergling x2  
  85  5:14  Zerg Ground Armor Level 1, Zerg Melee Weapons Level 1  
  85  5:16  Zergling x4  
  85  5:21  Drone x2  
  89  5:23  Overlord  
  89  5:25  Drone  
  90  5:29  Drone  
  90  5:32  Lair  
  91  5:35  Drone x2  
  91  5:39  Extractor x2  
  91  5:40  Drone  
  91  5:41  Drone  
  91  5:42  Baneling Nest  
  92  5:43  Hatchery  
  92  5:44  Drone x2  
  92  5:46  Overlord  
  92  5:49  Drone x2  
  95  5:52  Drone x2  
  95  5:56  Overlord  
  97  5:58  Drone  
  97  6:01  Drone x2  
  98  6:05  Drone x2  
  98  6:06  Drone  
  98  6:08  Drone  
  98  6:09  Drone x2  
  102  6:12  Zergling x4  
  102  6:13  Zergling x2  
  102  6:16  Overlord  
  105  6:19  Zergling x2  
  105  6:23  Overlord  
  106  6:27  Zergling x4  
  106  6:32  Overseer  
  107  6:34  Zergling x12  
  107  6:39  Baneling x10, Centrifugal Hooks  
  113  6:43  Drone x2  
  113  6:45  Zergling x2  
  116  6:48  Overlord  
  116  6:49  Zergling x8  
  116  6:51  Baneling x2  
  116  6:52  Zergling x2  
  121  6:54  Overlord  
  121  6:58  Zergling x2  
  122  7:01  Zergling x2  
  122  7:02  Zergling x2  
  122  7:07  Zergling x8  
  128  7:10  Overlord  
  128  7:11  Zergling x6, Zerg Ground Armor Level 2  
  128  7:12  Zerg Melee Weapons Level 2  
  128  7:13  Zergling x2  
  128  7:14  Zergling x2  
  128  7:15  Infestation Pit  
  132  7:17  Drone, Extractor  
  132  7:18  Hydralisk Den  
  131  7:23  Zergling x2  
  131  7:24  Zergling x8  
  131  7:28  Drone  
  131  7:29  Drone x4  
  139  7:34  Drone x3  
  139  7:35  Overlord  
  142  7:40  Spore Crawler  
  142  7:41  Drone x2  
  142  7:43  Zergling x2  
  142  7:44  Zergling x6  
  147  7:49  Grooved Spines  
  147  7:51  Zergling x8  
  151  7:57  Zergling x6  
  154  7:59  Hydralisk  
  154  8:00  Hydralisk  
  154  8:04  Zergling x2  
  154  8:05  Zergling x14  
  160  8:06  Baneling x6  
  160  8:11  Overlord  
  159  8:19  Zergling x6  
  158  8:27  Zergling x18, Hive  
  157  8:29  Extractor  
  157  8:34  Baneling x6, Hatchery  
  161  8:37  Hatchery, Overlord  
  160  8:42  Hydralisk x4, Drone x2  
  160  8:46  Lurker Den  
  160  8:47  Baneling  
  160  8:48  Extractor  
  168  8:50  Pneumatized Carapace  
  168  8:51  Zergling x8, Overseer  
  172  8:59  Drone x4  
  172  9:00  Muscular Augments  
  172  9:01  Drone x3  
  176  9:05  Zergling x2  
  176  9:06  Zergling x8  
  181  9:14  Overseer  
  181  9:16  Drone x4  
  179  9:21  Hydralisk x4  
  179  9:23  Overlord  
  179  9:24  Overlord  
  179  9:25  Overseer  
  179  9:28  Overlord  
  179  9:29  Overlord  
  178  9:35  Zergling x2  
  178  9:36  Zergling x4  
  178  9:38  Overlord  
  175  9:42  Drone  
  175  9:43  Zergling x2, Drone x2  
  149  9:47  Hydralisk x4  
  149  9:50  Zergling x2  
  138  9:55  Zerg Ground Armor Level 3, Zerg Missile Weapons Level 1  
  138  9:57  Adrenal Glands  
  138  9:58  Zergling x12  
  138  9:59  Zergling x6  
  147  10:02  Zergling x4  
  147  10:06  Spore Crawler, Zergling x2  
  147  10:07  Zergling x6  
  152  10:09  Viper  
  152  10:11  Zergling x8  
  152  10:14  Drone  
  160  10:21  Baneling x11  
  160  10:22  Queen, Hatchery  
  160  10:25  Hydralisk x4  
  160  10:28  Baneling x2, Hatchery  
  168  10:29  Zergling x6, Baneling  
  168  10:33  Zergling x8  
  168  10:35  Zergling x4  
  177  10:40  Viper  
  177  10:42  Zergling x8  
  184  10:46  Zergling x2, Seismic Spines  
  184  10:49  Zergling x2  
  186  10:50  Zergling x2  
  186  10:53  Zergling x2  
  186  10:56  Drone  
  186  10:57  Drone  
  189  11:06  Baneling x8  
  189  11:08  Zergling x6  
  189  11:09  Zergling x14  
  199  11:13  Overseer  
  199  11:14  Zergling x4  
  199  11:23  Zergling x2  
  200  11:29  Zergling x2  
  200  11:30  Zergling x10  
  200  11:32  Baneling x11  
  196  11:33  Baneling x4  
  196  11:34  Zergling x6  
  198  11:49  Drone  
  198  11:54  Zerg Melee Weapons Level 3  
  199  11:55  Adaptive Talons  
  199  12:00  Drone  
  198  12:01  Nydus Network  
  198  12:02  Drone x2  
  198  12:06  Zergling x2  
  198  12:07  Zergling x24  
  175  12:10  Zergling x14  
  175  12:12  Hydralisk  
  175  12:13  Zergling x4, Hydralisk x2, Hatchery  
  175  12:14  Zergling x4  
  176  12:16  Zergling x6  
  176  12:19  Zergling x2  
  176  12:20  Zergling x2  
  178  12:23  Baneling x8  
  178  12:24  Zergling x4  
  178  12:25  Lurker x7  
  178  12:27  Zergling x4  
  189  12:30  Baneling x4  
  189  12:34  Zergling x6  
  192  12:38  Drone x2  
  192  12:42  Baneling x3  
  192  12:43  Baneling x5  
  194  12:47  Zerg Missile Weapons Level 2  
  194  12:50  Zergling x8  
  197  12:55  Zergling x2  
  197  12:56  Zergling x12  
  197  12:57  Nydus Canal  
  187  12:59  Zergling x16  
  180  13:06  Hydralisk x2  
  180  13:07  Zergling x4, Hydralisk  
  180  13:08  Zergling x6  
  180  13:09  Zergling x8  
  185  13:15  Overseer  
  185  13:16  Zergling x2, Nydus Canal  
  185  13:17  Zergling x6  
  187  13:20  Baneling  
  187  13:21  Zergling x4, Baneling x12  
  187  13:22  Zergling x6  
  187  13:24  Overseer x3  
  187  13:25  Zergling x6  
  183  13:29  Zergling x6  
  183  13:32  Nydus Canal  
  175  13:34  Lurker  
  175  13:36  Zergling x8  
  179  13:41  Lurker  
  179  13:44  Zergling x16  
  179  13:46  Baneling x8  
  179  13:47  Baneling  
  188  13:50  Nydus Canal  
  188  13:52  Hatchery  
  188  13:53  Zergling x10  
  192  13:57  Baneling x6  
  192  14:00  Zergling x12  
  178  14:10  Zergling x14  
  178  14:13  Zergling x14, Hydralisk x3  
  166  14:18  Hydralisk x3  
  166  14:21  Zergling x4  
  158  14:25  Zergling x4  
  158  14:30  Hydralisk x4  
  157  14:32  Lurker x3  
  157  14:33  Hydralisk x2  
  157  14:35  Baneling x3  
  157  14:37  Baneling x2  
  157  14:38  Baneling x10  
  161  14:39  Baneling  
  161  14:41  Zergling x8  
  165  14:46  Zergling x12  
  165  14:47  Drone  
  165  14:48  Zergling x2  
  165  14:49  Zergling x2, Baneling  
  165  14:50  Baneling x8  
  165  14:52  Zergling x2  
  175  14:58  Zergling x14  
  181  15:03  Zergling x10  
  181  15:05  Zergling x6, Hatchery  
  176  15:07  Overseer  
  176  15:09  Zergling x6  
  176  15:14  Zergling x8  
  165  15:27  Zergling x16  
  165  15:28  Zergling x22  
  160  15:31  Hydralisk x4  
  166  15:36  Overseer  
  166  15:38  Lurker x5  
  166  15:41  Baneling x13  
  171  15:43  Zergling x4  
  171  15:45  Zergling x6  
  171  15:47  Zergling x4  
  174  15:52  Overseer, Baneling x5  
  174  15:54  Zergling x12  
  180  15:57  Baneling x7  
  180  16:02  Hydralisk x2, Nydus Canal  
  184  16:04  Overlord  
  184  16:06  Zergling x8  
  184  16:07  Zergling x2  
  184  16:09  Zergling x8  
  184  16:10  Zergling x2  
  181  16:12  Zergling x4  
  181  16:15  Zergling x10  
  175  16:20  Zergling x6  
  175  16:21  Zergling x6  
  175  16:23  Baneling x5  
  175  16:24  Baneling x5, Overseer  
  181  16:26  Zergling x4  
  181  16:31  Zergling x12  
  175  16:33  Lurker  
  175  16:35  Zergling x10  
  165  16:40  Zergling x14  
  165  16:44  Nydus Canal  
  165  16:45  Zergling x2, Hydralisk x2  
  165  16:46  Zergling x2  
  167  16:50  Lurker x3  
  167  16:52  Baneling x7  
  167  16:53  Drone x4  
  173  16:56  Zergling x6  
  175  17:03  Zergling x12  
  175  17:04  Zergling x10  
  176  17:11  Zergling x12  
  176  17:15  Nydus Canal  
  156  17:16  Zergling x12  
  156  17:19  Zergling x10  
  156  17:20  Hydralisk x2  
  156  17:21  Zergling x2  
  172  17:22  Baneling  
  172  17:23  Zergling x2, Baneling  
  172  17:24  Baneling x4  
  172  17:25  Baneling x2  
  172  17:28  Zergling x8  
  177  17:32  Zergling x8  
  177  17:34  Zergling x8  
  177  17:37  Zergling x6  
  184  17:40  Zergling x4  
  185  17:46  Nydus Canal  
  185  17:47  Zergling x16  
  185  17:52  Zergling x12  
  185  17:55  Zergling x12  
  190  18:01  Nydus Canal  
  190  18:03  Zergling x2  
Tags
 
Add a new tag
Caveats
  • Supply blocks, unpowered buildings, or Contaminate may cause inaccurate times.
  • Supply counts are checked every 10 seconds.